 Dungeon Crawl Stone Soup version 0.31.0-32-g396128a36d (webtiles) character file.

Game seed: 15137626185540281792

49 hawla the Slasher (level 3, -5/42 (45) HPs)
             Began as a Minotaur Gladiator on Apr 14, 2024.
             Slain by Crazy Yiuf
             ... wielding a +3 quarterstaff of chaos
              (9 damage)
             ... on level 2 of the Dungeon.
             The game lasted 00:02:00 (1476 turns).

hawla the Slasher (Minotaur Gladiator)              Turns: 1476, Time: 00:02:01

HP:   -5/42 (45)    AC: 21    Str: 18    XL:     3   Next: 53%
MP:   2/2           EV:  2    Int:  5    God:
Gold: 65            SH:  0    Dex: 13    Spells: 2/2 levels left

rFire   + . .        a - +0 long sword
rCold   . . .        k - +0 buckler
rNeg    . . .        b - melded +0 leather armour
rPois   +            c - melded +0 hat
rElec   .            l - melded +0 cloak
rCorr   .            (gloves currently unavailable)
SInv    .            (boots currently unavailable)
Will    .....        g - amulet of the acrobat
Stlth   +            j - ring of protection from fire
HPRegen 0.27/turn    (no ring)
MPRegen 0.08/turn

%: acrobat
@: confused, tree-form (expiring), weakened, slowed, drained, invisible, very
slow
A: stationary, stasis, torment immunity, boosted hp, (horns 2), (retaliatory
headbutt)
a: no special abilities


You were on level 2 of the Dungeon.
You were a tree.
You visited 1 branch of the dungeon, and saw 2 of its levels.

You collected 65 gold pieces.

Inventory:

Hand Weapons
 a - a +0 long sword (weapon)
Missiles
 d - 3 throwing nets
 e - a javelin
 i - 3 boomerangs
 m - 6 poisoned darts (quivered)
Armour
 b - a +0 leather armour (melded)
 c - a +0 hat (melded)
 k - a +0 buckler (worn)
 l - a +0 cloak (melded)
Jewellery
 g - an amulet of the acrobat (around neck)
 j - a ring of protection from fire (left branch)
 n - a +4 ring of slaying
Scrolls
 o - a scroll of enchant armour {unknown}
 p - a scroll of enchant weapon {unknown}
 q - a scroll of vulnerability {unknown}
 r - a scroll of revelation {unknown}


   Skills:
 - Level 2.7 Fighting
 * Level 4.8 Long Blades
 - Level 2.2 Throwing
 - Level 3.4 Dodging
 + Level 1.3 Shields


You had 2 spell levels left.
You didn't know any spells.
Your spell library was empty.

Dungeon Overview and Level Annotations

Branches:
Dungeon (2/15)

Altars:
Makhleb

Annotations:
D:2 Crazy Yiuf


Innate Abilities, Weirdness & Mutations

You are a tree.
Your roots penetrate the ground, keeping you stationary.
You cannot be teleported.
You are immune to unholy pain and torment.
Your maximum health is greatly increased.
Your equipment is partially melded.
((You have a pair of horns on your head.))
((You reflexively headbutt those who attack you in melee.))


Message History

It was a potion of invisibility.
You fade into invisibility!
Crazy Yiuf barely misses you.
It was a potion of lignification.
You turn into a tree.
Your +0 cloak melds into your body.
Your +0 hat melds into your body.
Your +0 leather armour melds into your body.
Your roots penetrate the ground.
Crazy Yiuf hits you but does no damage.
You closely miss Crazy Yiuf.
Crazy Yiuf is lightly wounded.
Crazy Yiuf hits you but does no damage.
You barely miss Crazy Yiuf.
Crazy Yiuf is lightly wounded.
Crazy Yiuf whimpers, "Whiteboard hand ladder!"
Crazy Yiuf hits you with a +3 quarterstaff of chaos!
* * * LOW HITPOINT WARNING * * *
You hit Crazy Yiuf.
Crazy Yiuf is moderately wounded.
Crazy Yiuf hits you but does no damage.
You feel yourself slow down.
You hit Crazy Yiuf.
Crazy Yiuf is heavily wounded.
Crazy Yiuf completely misses you. Crazy Yiuf hits you but does no damage.
Unknown command.
You hit Crazy Yiuf but do no damage.
Crazy Yiuf is heavily wounded.
Your transformation is almost over.
You block Crazy Yiuf's attack. Crazy Yiuf hits you but does no damage.
You feel your attacks grow feeble.
You catch the helpless Crazy Yiuf completely off-guard!
You hit Crazy Yiuf.
Crazy Yiuf is severely wounded.
Crazy Yiuf glowers.
Crazy Yiuf hits you but does no damage.
You feel as though you will be weak longer.
Crazy Yiuf cries, "Shower!
Prologue childish koolooloo."
Crazy Yiuf hits you but does no damage.
You are confused.
You cannot move. (Use ctrl+direction or * direction to attack while stationary and confused.)
You swing at nothing.
Crazy Yiuf hits you with a +3 quarterstaff of chaos!
You die...

##.###########.#.####...)..
#..# #.....>.....## #.##
#.#.####.#.### #.# #####
#.### ##.# #.## #..#
#..#### #.###♣♣ ###
#####..... #...#.♣♣ ♣♣#..)#
#......###
#......♣♣♣♣♣g...# #####.##
##......♣..♣#...# ##...##
##.#♣.♣.♣♣♣ ### ###.###.##
###♣♣♣♣♣ #...# #..|
###.###... ### ##...#.# #.#
##.##.# #.# #.##.# #.#
#.#.#.


You could see Crazy Yiuf (unable to see you).

Vanquished Creatures
  An adder (D:2)
  A dart slug (D:1)
  3 endoplasms
  3 giant cockroaches
  6 goblins
  3 hobgoblins
  3 jackals
  2 kobolds
  3 ball pythons
  5 bats
  4 frilled lizards
  2 rats
36 creatures vanquished.

Notes
Turn   | Place    | Note
-------+----------+-------------------------------------------
     0 | D:1      | hawla the Minotaur Gladiator began the quest for the Orb.
     0 | D:1      | Reached XP level 1. HP: 18/18 MP: 0/0
   141 | D:1      | Reached XP level 2. HP: 25/25 MP: 1/1
   227 | D:1      | Reached skill level 4 in Long Blades
   812 | D:2      | Reached XP level 3. HP: 26/30 MP: 2/2
   813 | D:2      | Reached skill level 1 in Shields
   841 | D:2      | Found a burning altar of Makhleb.
  1462 | D:2      | Found a runed translucent door.
  1463 | D:2      | Noticed Crazy Yiuf
  1471 | D:2      | HP: 2/42 [Crazy Yiuf/+3 quarterstaff of chaos (7)]
  1476 | D:2      | Slain by Crazy Yiuf

Illustrated notes

Levels and vault maps discovered:
D:1:      amcnicky_arrival_single_pillar, layout_basic
D:2:      layout_loops_ring, basic_altar, st_stairs_4, uniq_crazy_yiuf_cottage

Skill      XL: |  1  2  3 |
---------------+----------+-----
Long Blades    | 4 |  4.8
Shields        | 1 |  1.3
Fighting       | |  2.7
Throwing       | |  2.2
Dodging        | |  3.4

Action                     || total
---------------------------++-------
  Melee: Long sword        ||    60
         Headbutt          ||     9
         Punch             ||     2
    Use: Potion            ||     2
   Stab: Invisible         ||     1
 Armour: Leather armour    ||    33
         Skin              ||     9
  Dodge: Dodged            ||    48
  Block: Buckler           ||    12
